 Dungeon Crawl Stone Soup version 0.31.0 (webtiles) character file.

Game seed: 12414803796397199584

49 qw the Shooter (level 3, 0/23 HPs)
             Began as a Gargoyle Hunter on Jan 19, 2024.
             Slain by a goblin
             ... wielding a +0 club
             ... led by Robin
              (1 damage)
             ... on level 2 of the Dungeon.
             The game lasted 00:00:02 (725 turns).

qw the Shooter (Gargoyle Hunter)                     Turns: 725, Time: 00:00:02

Health: 0/23       AC:  6    Str: 14    XL:     3   Next: 77%
Magic:  3/3        EV: 11    Int:  9    God:
Gold:   55         SH:  0    Dex: 15    Spells: 2/2 levels left

rFire   . . .        a - +1 shortbow
rCold   . . .        (shield currently unavailable)
rNeg    + . .        c - +0 leather armour
rPois   inf          (no helmet)
rElec   +            (no cloak)
rCorr   .            (no gloves)
SInv    .            (no boots)
Will    .....        (no amulet)
Stlth   ++           (no ring)
HPRegen 0.23/turn    (no ring)
MPRegen 0.08/turn

%: no passive effects
@: no status effects
A: sickness immunity, AC +3, negative energy resistance 1, electricity
resistance, torment resistance 1, petrification resistance
a: no special abilities


You were on level 2 of the Dungeon.
You visited 1 branch of the dungeon, and saw 2 of its levels.

You collected 55 gold pieces.


Innate Abilities, Weirdness & Mutations

You are immune to sickness and miasma.
Your stone body is resilient. (AC +3)
You are immune to poison.
You resist negative energy. (rN+)
You are resistant to electric shocks. (rElec)
You are resistant to unholy torment.
You are immune to petrification.


   Skills:
 - Level 3.0 Fighting
 + Level 5.0 Ranged Weapons
 - Level 1.5 Dodging
 - Level 1.1 Stealth


You had 2 spell levels left.
You didn't know any spells.
Your spell library was empty.

Inventory:

Hand Weapons
 a - a +1 shortbow (weapon)
Armour
 c - a +0 leather armour (worn)
Jewellery
 b - the Hermit's Pendant {Faith Invo=14 Evo=0 MP+5}
   (You found it on level 2 of the Dungeon)

   [amulet of faith]

   Invo=14: It sets your Invocations skill to 14.
   Evo=0: It sets your Evocations skill to 0.
   Faith:     It allows you to gain divine favour quickly.
   MP+5:      It affects your magic capacity (+5).
Potions
 e - a potion of curing
 i - 2 potions of enlightenment

Dungeon Overview and Level Annotations

Branches:
Dungeon (2/15)

Altars:


Message History

The goblins go into a battle-frenzy!
A goblin comes into view. It is wielding a +0 club.
Robin hits you with a +0 club. The goblin barely misses you.
You shoot an arrow. The arrow hits the goblin!
You kill the goblin!
The goblin closely misses you. Robin hits you with a +0 club.
You shoot an arrow. The arrow closely misses Robin.
The arrow barely misses the goblin.
The arrow closely misses the hobgoblin.
Robin hits you with a +0 club. The goblin hits you but does no damage.
You shoot an arrow. The arrow closely misses Robin.
The arrow closely misses the goblin.
Robin throws the goblin at you! The goblin hits you but does no damage.
The goblin hits you with a +0 club.
You shoot an arrow. The arrow hits Robin!
Robin is severely wounded.
The goblin hits you but does no damage. The hobgoblin closely misses you.
Robin misses you. The goblin hits you with a +0 club.
722 ||| DRINKING potion of heal wounds.
You feel much better.
The hobgoblin hits you but does no damage.
The goblin hits you with a +0 club. Robin hits you with a +0 club.
The goblin hits you with a +0 dagger.
You shoot an arrow. The arrow hits Robin.
Robin is severely wounded.
The goblin no longer looks unusually strong.
The goblin hits you with a +0 club.
The hobgoblin hits you but does no damage.
The goblin closely misses you. Robin throws the goblin at you!
The goblin closely misses you.
You shoot an arrow. The arrow hits Robin.
You kill Robin!
The goblin closely misses you. x2; The hobgoblin closely misses you.
The goblin hits you but does no damage. The goblin misses you.
The goblin hits you but does no damage. The goblin closely misses you.
The goblin barely misses you. The hobgoblin hits you.
Your Fighting skill increases to level 3!
You shoot an arrow. The arrow hits the goblin!
You kill the goblin!
The goblin no longer looks unusually strong.
The goblin hits you with a +0 club.
You die...

##...........#
##...)......# #
###........#.#.
##.........)
#.......#)##
#...........
#....g...##
##..gg)#.#
##.g@## #
###g.......
####!..#. #.#
.#


You could see 2 hobgoblins and 3 goblins.

Vanquished Creatures
  Robin (D:2)
  A gnoll (D:1)
  2 dart slugs
  3 ball pythons
  3 bats (D:1)
  2 endoplasms (D:1)
  7 goblins
  A hobgoblin (D:2)
  2 jackals (D:1)
  2 kobolds (D:1)
24 creatures vanquished.

Notes
Turn   | Place    | Note
-------+----------+-------------------------------------------
     0 | D:1      | qw the Gargoyle Hunter began the quest for the Orb.
     0 | D:1      | Reached XP level 1. HP: 12/12 MP: 1/1
     0 | D:1      | 0 ||| qw: Version: 0.3-a-132-g3d54051
     0 | D:1      | 0 ||| qw: Game counter: 11
     0 | D:1      | 0 ||| qw: Melee chars always use a shield: true
     0 | D:1      | 0 ||| qw: God list: Okawaru
     0 | D:1      | 0 ||| qw: Allow faded altars: false
     0 | D:1      | 0 ||| qw: Do Orc after clearing Dungeon:15 true
     0 | D:1      | 0 ||| qw: Do second Lair branch before Depths: true
     0 | D:1      | 0 ||| qw: Lair rune preference: random
     0 | D:1      | 0 ||| qw: Goals: Normal
     0 | D:1      | 0 ||| PLANNING D:1-11
    94 | D:1      | Reached XP level 2. HP: 17/17 MP: 2/2
   342 | D:1      | Reached XP level 3. HP: 19/21 MP: 3/3
   460 | D:1      | Reached skill level 5 in Ranged Weapons
   614 | D:1      | 614 ||| READING scroll labelled QIALLUBAORCH.
   615 | D:1      | 615 ||| READING scroll labelled ATAWNUI BACUR.
   616 | D:1      | 616 ||| READING scroll labelled GUFUNOISY.
   616 | D:1      | 616 ||| ENCHANTING +0 shortbow.
   617 | D:1      | 617 ||| READING 3 scrolls labelled XYMPUWNUTU.
   617 | D:1      | 617 ||| IDENTIFYING puce potion
   618 | D:1      | 618 ||| READING 2 scrolls of identify.
   618 | D:1      | 618 ||| IDENTIFYING pink potion
   619 | D:1      | 619 ||| READING scroll of identify.
   619 | D:1      | 619 ||| IDENTIFYING 2 cyan potions
   620 | D:1      | 620 ||| DROPPING scroll of butterflies.
   638 | D:2      | 638 ||| STAIRDANCE
   644 | D:2      | 644 ||| STAIRDANCE
   681 | D:2      | Found the Hermit's Pendant {Faith Invo=14 Evo=0 MP+5}
   708 | D:2      | Noticed Robin
   721 | D:2      | HP: 5/22 [goblin/+0 club[Robin] (1)]
   722 | D:2      | 722 ||| DRINKING potion of heal wounds.
   724 | D:2      | Killed Robin
   724 | D:2      | HP: 1/22 [hobgoblin[Robin] (6)]
   725 | D:2      | Reached skill level 3 in Fighting
   725 | D:2      | Slain by a goblin

Levels and vault maps discovered:
D:1:      elethiomel_arrival_maze, layout_rooms, minmay_cupped
D:2:      layout_rooms, basic_altar, grunt_ministairs_7, uniq_robin

Skill      XL: |  1  2  3 |
---------------+----------+-----
Ranged Weapons | 5 |  5.0
Fighting       | 3 |  3.0
Dodging        | |  1.5
Stealth        | |  1.1

Action                     || total
---------------------------++-------
   Fire: Shortbow          ||    64
    Use: Scroll            ||     6
         Potion            ||     1
 Armour: Leather armour    ||    33
  Dodge: Dodged            ||    22

Table legend:
 A = Non-vault XP
 B = Vault XP
 C = Vault XP percentage of total XP
 D = Non-vault monster count
 E = Vault monster count
 F = Vault count percentage of total count
                 A         B        C        D         E       F
            +---------+---------+-------+---------+---------+-------
      Total |      37 |      36 |  49.3 |      13 |      11 |  45.8
            +---------+---------+-------+---------+---------+-------
        D:1 |      35 |       4 |  10.3 |      12 |       2 |  14.3
        D:2 |       2 |      32 |  94.1 |       1 |       9 |  90.0
            +---------+---------+-------+---------+---------+-------
